 Dungeon Crawl Stone Soup version 0.25-a0-502-g6516661 (webtiles) character file.

Game seed: 1256798965630219174, levelgen mode: deterministic

98 wolfsongas the Changer (level 4, -4/32 HPs)
             Began as a Gnoll Wanderer on Feb 13, 2020.
             Killed by nerve-wracking pain
             ... invoked by an orc priest
              (6 damage)
             ... on level 3 of the Dungeon.
             The game lasted 00:03:13 (1809 turns).

wolfsongas the Changer (Gnoll Wanderer)             Turns: 1809, Time: 00:03:13

Health: -4/32      AC:  6    Str: 19    XL:     4   Next: 71%
Magic:  8/8        EV: 11    Int: 16    God:
Gold:   137        SH:  0    Dex: 14    Spells: 8/9 levels left

rFire    . . .     SeeInvis .   e - +3 short sword
rCold    + . .     Gourm    .   (no shield)
rNeg     . . .     Faith    .   d - +1 ring mail
rPois    .         Spirit   .   (no helmet)
rElec    .         Reflect  .   (no cloak)
rCorr    .         Harm     .   (no gloves)
MR       .....                  (no boots)
Stlth    +.........             (no amulet)
HPRegen  0.50/turn              (no ring)
MPRegen  0.11/turn              (no ring)

@: mighty
A: distributed training, fangs 1, hooves 1, cold resistance 1, regeneration 1,
strong nose
a: no special abilities


You were on level 3 of the Dungeon.
You were not hungry.

You visited 1 branch of the dungeon, and saw 3 of its levels.

You collected 137 gold pieces.

Inventory:

Hand Weapons
 a - a +0 hand crossbow
 e - a +3 short sword (weapon)
Missiles
 c - 47 bolts
Armour
 d - a +1 ring mail (worn)
Scrolls
 b - a scroll of remove curse
 g - a scroll of amnesia {unknown}
Potions
 i - a potion of brilliance
Comestibles
 f - 2 rations


   Skills:
 + Level 1.2 Fighting
 + Level 1.2 Short Blades
 + Level 1.2 Long Blades
 + Level 1.2 Axes
 + Level 1.2 Maces & Flails
 + Level 1.2 Polearms
 + Level 1.2 Staves
 + Level 1.2 Slings
 + Level 1.2 Bows
 + Level 4.6 Crossbows
 + Level 1.2 Throwing
 + Level 2.8 Armour
 + Level 1.2 Dodging
 + Level 2.6 Stealth
 + Level 1.2 Shields
 + Level 1.2 Unarmed Combat
 + Level 3.0 Spellcasting
 + Level 1.0 Conjurations
 + Level 1.0 Hexes
 + Level 1.0 Charms
 + Level 1.0 Summonings
 + Level 1.0 Necromancy
 + Level 1.0 Translocations
 + Level 7.1 Transmutations
 + Level 1.0 Fire Magic
 + Level 1.0 Ice Magic
 + Level 1.0 Air Magic
 + Level 1.0 Earth Magic
 + Level 1.0 Poison Magic
 + Level 1.3 Invocations
 + Level 2.8 Evocations


You had 8 spell levels left.
You knew the following spells:

 Your Spells              Type           Power        Failure   Level  Hunger
a - Beastly Appendage     Tmut           ####..       1%          1    #......

Your spell library contained the following spells:

 Spells                   Type           Power        Failure   Level  Hunger
 Sticks to Snakes         Tmut           ####....     2%          2    ##.....
 Spider Form              Tmut/Pois      ###.......   17%         3    ###....
 Blade Hands              Tmut           ####......   41%         5    ######.
 Ice Form                 Ice/Tmut       ###.....     50%         4    #####..


Dungeon Overview and Level Annotations

Branches:
Dungeon (3/15)

Altars:
Dithmenos
Elyvilon
Trog
Xom
Yredelemnul


Innate Abilities, Weirdness & Mutations

Your experience applies equally to all skills.
You have very sharp teeth.
Your uncanny sense of smell can sniff out nearby items.
You have large cloven feet.
Your flesh is cold resistant. (rC+)
Your natural rate of healing is unusually fast.


Message History

The orc priest completely misses you.
The orc priest hits you but does no damage.
You are too injured to fight recklessly!
You are too injured to fight recklessly!
You are too injured to fight recklessly!
You hit the orc priest.
The orc priest is severely wounded.
The orc hits you with a +0 club.
* * * LOW HITPOINT WARNING * * *
The orc priest calls down the wrath of Beogh upon you.
Pain shoots through your body!
* * * LOW HITPOINT WARNING * * *
The orc priest closely misses you.
You hit the orc priest but do no damage.
Your kick misses the orc priest.
The orc priest is severely wounded.
The orc barely misses you.
The orc priest mumbles some strange prayers to Beogh against you.
Pain shoots through your body!
You die...

# .#.# #.
.?.# .##..#
....# #...#
# #...#
#.##.oo####
#...oo@...#
####...##.#
#?..# ###
#...#
#...##...#
<..#......#
.......<.##
####....##
#.####


You could see 3 orc priests and an orc.

Vanquished Creatures
  4 adders
  2 dart slugs (D:2)
  A leopard gecko (D:1)
  An orc (D:3)
  3 giant cockroaches
  6 goblins
  7 hobgoblins
  4 jackals (D:2)
  10 kobolds
  5 bats
  4 frilled lizards (D:2)
  7 rats
54 creatures vanquished.

Notes
Turn   | Place    | Note
-------+----------+-------------------------------------------
     0 | D:1      | wolfsongas the Gnoll Wanderer began the quest for the Orb.
     0 | D:1      | wolfsongas set off with the following items: a +0 hand
                  | crossbow, 27 bolts, a +0 ring mail, a ration; and the
                  | following spell memorised: Beastly Appendage; and the
                  | following spells available to memorise: Sticks to Snakes,
                  | Spider Form, Ice Form, Blade Hands
     0 | D:1      | Reached XP level 1. HP: 13/13 MP: 4/4
    72 | D:1      | Reached XP level 2. HP: 19/19 MP: 5/5
   785 | D:1      | Reached XP level 3. HP: 23/25 MP: 7/7
  1019 | D:2      | Reached skill level 1 in Invocations
  1107 | D:2      | Found a white marble altar of Elyvilon.
  1111 | D:2      | Found a basalt altar of Yredelemnul.
  1112 | D:2      | Found a shimmering altar of Xom.
  1325 | D:2      | Reached skill level 1 in Fighting
  1325 | D:2      | Reached skill level 1 in Short Blades
  1325 | D:2      | Reached skill level 1 in Long Blades
  1325 | D:2      | Reached skill level 1 in Axes
  1325 | D:2      | Reached skill level 1 in Maces & Flails
  1325 | D:2      | Reached skill level 1 in Polearms
  1325 | D:2      | Reached skill level 1 in Staves
  1325 | D:2      | Reached skill level 1 in Slings
  1325 | D:2      | Reached skill level 1 in Bows
  1325 | D:2      | Reached skill level 1 in Throwing
  1325 | D:2      | Reached skill level 1 in Dodging
  1325 | D:2      | Reached skill level 1 in Shields
  1325 | D:2      | Reached skill level 1 in Unarmed Combat
  1383 | D:2      | Reached XP level 4. HP: 32/32 MP: 8/8
  1448 | D:2      | Gained mutation: Your natural rate of healing is unusually
                  | fast. [potion of mutation]
  1448 | D:2      | Gained mutation: Your flesh is cold resistant. (rC+)
                  | [potion of mutation]
  1448 | D:2      | Gained mutation: You have large cloven feet. [potion of
                  | mutation]
  1590 | D:2      | Found a shadowy altar of Dithmenos.
  1709 | D:2      | Found a bloodstained altar of Trog.
  1796 | D:3      | Reached skill level 1 in Conjurations
  1796 | D:3      | Reached skill level 1 in Hexes
  1796 | D:3      | Reached skill level 1 in Charms
  1796 | D:3      | Reached skill level 1 in Summonings
  1796 | D:3      | Reached skill level 1 in Necromancy
  1796 | D:3      | Reached skill level 1 in Translocations
  1796 | D:3      | Reached skill level 1 in Fire Magic
  1796 | D:3      | Reached skill level 1 in Ice Magic
  1796 | D:3      | Reached skill level 1 in Air Magic
  1796 | D:3      | Reached skill level 1 in Earth Magic
  1796 | D:3      | Reached skill level 1 in Poison Magic
  1809 | D:3      | Killed from afar by an orc priest

Levels and vault maps discovered:
D:1:      mrwooster_arrival_arrow, layout_basic
D:2:      layout_loops_ring, nicolae_overflow_hidden_temple,
          grunt_temple_overflow_open, first_ration, bloody_trog
D:3:      layout_loops_ring, grunt_qazlal_sundering

Skill      XL: |  1  2  3  4 |
---------------+-------------+-----
Invocations    | 1 |  1.3
Fighting       | 1 |  1.2
Short Blades   | 1 |  1.2
Long Blades    | 1 |  1.2
Axes           | 1 |  1.2
Maces & Flails | 1 |  1.2
Polearms       | 1 |  1.2
Staves         | 1 |  1.2
Slings         | 1 |  1.2
Bows           | 1 |  1.2
Throwing       | 1 |  1.2
Dodging        | 1 |  1.2
Shields        | 1 |  1.2
Unarmed Combat | 1 |  1.2
Spellcasting   | 3 |  3.0
Conjurations   | 1 |  1.0
Hexes          | 1 |  1.0
Charms         | 1 |  1.0
Summonings     | 1 |  1.0
Necromancy     | 1 |  1.0
Translocations | 1 |  1.0
Fire Magic     | 1 |  1.0
Ice Magic      | 1 |  1.0
Air Magic      | 1 |  1.0
Earth Magic    | 1 |  1.0
Poison Magic   | 1 |  1.0
Crossbows      | |  4.6
Armour         | |  2.8
Stealth        | |  2.6
Transmutations | |  7.1
Evocations     | |  2.8

Action                   |  1- 3 |  4- 6 || total
-------------------------+-------+-------++-------
Melee: Short sword       |    85 |    48 ||   133
       Bite              |     7 |     4 ||    11
       Punch             |     1 |       ||     1
       Kick              |       |     6 ||     6
 Fire: Hand crossbow     |    45 |       ||    45
  Use: Scroll            |     5 |     1 ||     6
       Potion            |     1 |     2 ||     3
 Stab: Sleeping          |     3 |       ||     3
  Eat: Chunk             |     2 |     1 ||     3
Armor: Ring mail         |    51 |    18 ||    69
Dodge: Dodged            |    57 |    22 ||    79

Table legend:
 A = Non-vault XP
 B = Vault XP
 C = Vault XP percentage of total XP
 D = Non-vault monster count
 E = Vault monster count
 F = Vault count percentage of total count
                 A         B        C        D         E       F
            +---------+---------+-------+---------+---------+-------
      Total |     141 |       0 |   0.0 |      54 |       0 |   0.0
            +---------+---------+-------+---------+---------+-------
        D:1 |      42 |       0 |   0.0 |      25 |       0 |   0.0
        D:2 |      68 |       0 |   0.0 |      25 |       0 |   0.0
        D:3 |      31 |       0 |   0.0 |       4 |       0 |   0.0
            +---------+---------+-------+---------+---------+-------
